 Dungeon Crawl Stone Soup version 0.29-a0-323-g050149af67 (webtiles) character file.

Game seed: 16097740653339754701

112828 inmateoo the Grappler (level 16, 0/126 HPs)
             Began as a Demonspawn Fighter on Apr 4, 2022.
             Was the Champion of Cheibriados.
             Slain by a wolf spider (16 damage)
             ... on level 1 of the Spider Nest on Apr 11, 2022.
             The game lasted 00:31:11 (25632 turns).

inmateoo the Grappler (Demonspawn Fighter)         Turns: 25632, Time: 00:31:11

Health: 0/126      AC: 30    Str: 41 (43) XL:     16   Next: 12%
Magic:  23/23      EV: 19    Int: 37      God:    Cheibriados [******]
Gold:   1870       SH: 18    Dex: 28 (29) Spells: 16/23 levels left

rFire   + + .      SeeInvis .     - Unarmed
rCold   + . .      Faith    .   C - +0 kite shield
rNeg    + . .      Spirit   .   f - +2 plate armour {rC+}
rPois   +          Reflect  .   (helmet restricted)
rElec   +          Harm     .   n - +1 cloak
rCorr   .          Rampage  .   G - +4 pair of gloves "Noos" {+Blink Str+4 Int+3}
Will    ++...                   v - +0 pair of boots "Tary" {rN+ Int+7}
Stlth   ..........              y - amulet "Isaed" {rElec rF++ Regen+}
HPRegen 1.11/turn               e - ring "Memineog" {rPois Will+ Str+3}
MPRegen 0.18/turn               p - +4 ring of slaying

@: lethally poisoned (0 -> 0), studying Evocations, very slow
A: antennae 1, repulsion field 2, icemail 1, powered by death 2, condensation
shield
a: Renounce Religion, Evoke Blink, Bend Time, Temporal Distortion, Slouch, Step
From Time


You were on level 1 of the Spider Nest.
You worshipped Cheibriados.
Cheibriados was exalted by your worship.
You visited 5 branches of the dungeon, and saw 25 of its levels.
You also visited: Volcano.

You collected 2940 gold pieces.
You spent 1070 gold pieces at shops.

Inventory:

Hand Weapons
 w - the +8 long sword of Gozag, Flying {flame, Drain MP+9 Dex+4}
   (You found it on level 7 of the Dungeon)

   It burns those it strikes, dealing additional fire damage.
   Big, fiery blades are also staple armaments of hydra-hunters.
   Dex:       It affects your dexterity (+4).
   MP:        It affects your magic capacity (+9).
   Drain:     It drains your maximum health when unequipped.
Missiles
 I - a throwing net (quivered)
Armour
 f - a +2 plate armour of cold resistance (worn)
 n - a +1 cloak (worn)
 v - the +0 pair of boots "Tary" (worn) {rN+ Int+7}
   (You found it on level 7 of the Dungeon)

   Int:       It affects your intelligence (+7).
   rN:        It protects you from negative energy.
 C - a +0 kite shield (worn)
 G - the +4 pair of gloves "Noos" (worn) {+Blink Str+4 Int+3}
   (You found it in a volcano)

   Str:       It affects your strength (+4).
   Int:       It affects your intelligence (+3).
   +Blink:    It lets you blink.
Jewellery
 e - the ring "Memineog" (left hand) {rPois Will+ Str+3}
   (You bought it in a shop on level 2 of the Orcish Mines)

   [ring of willpower]

   Str:       It affects your strength (+3).
   rPois:     It protects you from poison.
   Will:      It increases your willpower.
 p - a +4 ring of slaying (right hand)
 y - the amulet "Isaed" (around neck) {rElec rF++ Regen+}
   (You found it on level 8 of the Dungeon)

   [amulet of regeneration]

   rF:        It greatly protects you from fire.
   rElec:     It insulates you from electricity.
   Regen:     It increases your rate of health regeneration.
 F - a ring of protection from fire
Wands
 o - a wand of paralysis (23)
 q - a wand of iceblast (28)
 B - a wand of digging (3)
 D - a wand of flame (7)
 E - a wand of charming (8)
 J - a wand of mindburst (5)
Scrolls
 b - 6 scrolls of teleportation
 d - a scroll of blinking
 i - 4 scrolls of fog
 j - 2 scrolls of magic mapping
 m - 5 scrolls of enchant armour
 r - 2 scrolls of fear
 t - 7 scrolls of enchant weapon
 x - 2 scrolls of silence
 H - 5 scrolls of identify
 K - 2 scrolls of amnesia
Potions
 a - 5 potions of mutation
 c - 2 potions of ambrosia
 g - 3 potions of attraction
 h - 4 potions of magic
 k - 12 potions of curing
 l - 3 potions of brilliance
 s - 4 potions of lignification
 u - 4 potions of heal wounds
 z - 4 potions of resistance


   Skills:
 + Level 11.4 Fighting
 + Level 10.7 Armour
 + Level 9.1 Dodging
 + Level 10.5 Shields
 * Level 14.3 Unarmed Combat
 + Level 4.2 Spellcasting
 + Level 4.8 Conjurations
 + Level 4.5 Transmutations
 + Level 4.1 Earth Magic
 - Level 10.0 Invocations
 * Level 9.4 Evocations


You had 16 spell levels left.
You knew the following spells:

 Your Spells              Type           Power      Damage    Failure   Level
a - Passwall              Tmut/Erth      32%        N/A       10%         2
b - Irradiate             Conj/Tmut      21%        3d20      83%         5

Your spell library contained the following spells:

 Spells                   Type           Power      Damage    Failure   Level
 Animate Skeleton         Necr           14%        N/A       36%         1
 Pain                     Necr           28%        1d5       36%         1
 Slow                     Hex            28%        N/A       36%         1
 Blink                    Tloc           14%        N/A       50%         2
 Ensorcelled Hibernation  Hex/Ice        14%        N/A       50%         2
 Sublimation of Blood     Necr           7%         N/A       50%         2
 Petrify                  Tmut/Erth      39%        N/A       52%         4
 Confusing Touch          Hex            7%         N/A       73%         3
 Frozen Ramparts          Ice            14%        1d3       73%         3
 Lesser Beckoning         Tloc           7%         N/A       73%         3
 Swiftness                Air            7%         N/A       73%         3
 Vampiric Draining        Necr           7%         2d6       73%         3
 Ice Form                 Ice/Tmut       24%        N/A       82%         4
 Animate Dead             Necr           3%         N/A       98%         4
 Summon Ice Beast         Ice/Summ       7%         N/A       98%         4
 Manifold Assault         Tloc           7%         N/A       100%        5
 Conjure Ball Lightning   Conj/Air       12%        3x3d6     100%        6
 Haunt                    Necr/Summ      3%         N/A       100%        7
 Discord                  Hex            3%         N/A       100%        8
 Disjunction              Tloc           3%         N/A       100%        8
 Infestation              Necr           3%         N/A       100%        8


Dungeon Overview and Level Annotations

Branches:
Dungeon (15/15)            Temple (1/1) D:6            Lair (6/6) D:8
  Swamp (0/4) Lair:2       Spider (1/4) Lair:3        Slime (0/5) Lair:5
    Orc (2/2) D:9             Elf (0/3) Orc:2        Vaults (0/5) D:13
 Depths (0/4) D:15        Volcano (visited)

Altars:
Cheibriados
Dithmenos
Fedhas
Nemelex Xobeh
Okawaru
Trog
Yredelemnul
Zin
The Shining One
Beogh
Jiyva

Shops:
D:7 !=   D:13 [   D:14 *   Orc:2 ([=(

Annotations:
Spider:1 2 transporters, Leszczynek's ghost, adept HuGl; Ofeolo's ghost, adept VSAM


Innate Abilities, Weirdness & Mutations

You have a pair of small antennae on your head.
You are surrounded by a moderate repulsion field. (EV +3)
A meltable icy envelope protects you from harm. (AC +4)
You regenerate health from kills.
A meltable shield of frost defends you. (SH +4)


Message History

You block the redback's attack.
A tarantella comes into view.
The tarantella closely misses you. The redback closely misses you.
The redback attacks as you move away! You block the redback's attack.
You feel extremely sick. You block the redback's attack.
The redback barely misses you.
You are too injured to fight recklessly!
You are too injured to fight recklessly!
You hit the redback but do no damage.
You feel sick.
The redback bites you but does no damage.
You are too injured to fight recklessly!
You closely miss the redback.
You feel sick. The redback misses you. The redback bites you.
* * * LOW HITPOINT WARNING * * *
You completely miss the redback.
You feel sick.
The redback bites you but does no damage.
You barely miss the redback.
You feel sick.
A jumping spider comes into view.
You barely miss the wolf spider.
You feel sick.
You hit the wolf spider.
The wolf spider is lightly wounded.
You feel sick. The wolf spider closely misses you.
You block the wolf spider's attack. The wolf spider barely misses you.
The wolf spider closely misses you.
You pummel the wolf spider!!
The wolf spider is heavily wounded.
You feel sick. The wolf spider hits you!
* * * LOW HITPOINT WARNING * * *
You block the wolf spider's attack.
You punch the wolf spider!
The wolf spider is severely wounded.
You feel sick. The wolf spider barely misses you.
You block the wolf spider's attack.
Your magical effects are unravelling.
You feel magically purged.
The sentinel's mark upon you fades away.
You are no longer corroded.
You feel sick. You block the wolf spider's attack. x2
The wolf spider hits you!
You die...

............
#......
##..........
#......
##.....#.†...
#......
##.......††...
#.....
#...)....#####
.....
##.......##sWH# ...
#....s..##{###.
#.###......##{BsB..
#.@##.....##8≈≈.y..
###ssss..##Bs#.###.
#s##s.##ysHW##..#
##ss..#W#W≈##..?#
#s†.©#©#B≈#. s
#.#..#.#..## #
#.....##....#
..##...##≈≈#$ ...
##...##8≈


You could see a wolf spider, a culicivora, a tarantella, 5 redbacks and Ofeolo's
ghost.

Vanquished Creatures
  Saint Roka (Orc:2)
  Jorgrun (Orc:2)
  Mlioglotl (Spider:1)
  Rupert (D:12)
  An orc warlord (D:9)
  A ghost moth (Spider:1)
  A stone giant (D:15)
  An entropy weaver (Spider:1)
  Azrael (Orc:2)
  Josephine (Orc:2)
  4 vault guards (D:13)
  11 hydras
  An ice dragon (Lair:5)
  3 boulder beetles
  Fannar (D:12)
  A jorogumo (Spider:1)
  7 centaur warriors
  A death knight (D:12)
  A radroach (Spider:1)
  A catoblepas (Lair:6)
  7 two-headed ogres
  5 tengu warriors
  A death yak (Lair:4)
  Urug (D:11)
  A pharaoh ant (Spider:1)
  A sun moth (Spider:1)
  Amaemon (D:11)
  2 skeletal warriors (Volcano)
  Lodul (D:12)
  A deep troll (D:15)
  8 orc knights
  6 orc sorcerers
  2 necromancers (D:15)
  An anaconda skeleton (Volcano)
  2 deep elf pyromancers
  3 lindwurms (Lair:6)
  2 wolf spiders (Spider:1)
  4 cyclopes
  3 manticores
  4 ugly things
  An orange demon (D:11)
  5 black mambas
  4 gargoyles
  A guardian serpent (shapeshifter) (D:15)
  A cane toad (shapeshifter) (D:13)
  9 cane toads
  A rime drake (shapeshifter) (D:14)
  2 rime drakes
  An efreet (D:13)
  Psyche (D:11)
  9 komodo dragons
  5 yaktaurs (D:15)
  2 demonic crawlers (Spider:1)
  5 trolls
  2 harpy skeletons (Volcano)
  6 polar bears
  7 hornets
  11 slime creatures
  3 tyrant leeches (Lair:2)
  4 tarantellas (Spider:1)
  9 blink frogs
  A dream sheep (Lair:6)
  Sigmund (D:3)
  A centaur simulacrum (D:14)
  8 jumping spiders
  6 wraiths
  A culicivora (shapeshifter) (D:14)
  3 flying skulls (Volcano)
  A vampire (D:12)
  8 culicivoras
  15 spriggans (Lair:6)
  2 shadows
  5 wyverns
  An air elemental (D:15)
  2 fire elementals
  68 yaks
  2 basilisks (Lair:5)
  Eustachio (D:6)
  10 redbacks
  A vampire mosquito (D:13)
  A steam dragon (D:6)
  2 swamp worms (Lair:2)
  3 acid dragons
  4 wargs
  16 water moccasins
  3 hell hounds (Orc:2)
  Duvessa (D:4)
  7 sky beasts
  39 orc warriors
  An ice beast (D:6)
  3 black bears (Lair:6)
  3 boggarts (Lair:6)
  10 ogres
  18 wolves (Lair:6)
  20 centaurs
  A phantom (D:7)
  3 kobold brigands
  A gnoll sergeant (D:9)
  A necrophage (D:6)
  6 scorpions
  14 bullfrogs
  8 wights
  Dowan (D:4)
  9 killer bees
  2 spriggan skeletons (Volcano)
  4 howler monkeys
  A lava snake (D:13)
  A hound (D:3)
  2 jellies
  Crazy Yiuf (D:6)
  16 orc priests
  A gnoll shaman (D:3)
  Ijyb (D:5)
  2 iguanas
  15 orc wizards
  Robin (D:4)
  13 gnolls
  10 adders
  A shadow imp (D:5)
  5 white imps
  3 ufetubi
  2 worms (D:2)
  60 orcs
  4 bats
  9 endoplasms
  3 giant cockroaches
  21 goblins
  6 hobgoblins
  4 quokkas
  12 ball pythons
  3 frilled lizards
  26 kobolds
  10 rats
737 creatures vanquished.

Vanquished Creatures (others)
  A boulder beetle (D:13)
  A shadow (D:12)
  A golden eye (shapeshifter) (D:14)
  A centaur (D:14)
  3 orc wizards
  7 orcs
  16 fungi
  37 plants
67 creatures vanquished.

Grand Total: 804 creatures vanquished

Notes
Turn   | Place    | Note
-------+----------+-------------------------------------------
     0 | D:1      | inmateoo the Demonspawn Fighter began the quest for the
                  | Orb.
     0 | D:1      | Reached XP level 1. HP: 18/18 MP: 1/1
    31 | D:1      | Reached skill level 2 in Unarmed Combat
   288 | D:1      | Gained mutation: A meltable shield of frost defends you.
                  | (SH +4) [demonic ancestry]
   288 | D:1      | Reached XP level 2. HP: 24/24 MP: 2/2
  1065 | D:2      | Reached XP level 3. HP: 29/29 MP: 3/3
  1818 | D:2      | Reached XP level 4. HP: 35/35 MP: 4/4
  1835 | D:2      | Found a faded altar of an unknown god.
  2244 | D:3      | Reached skill level 3 in Unarmed Combat
  2487 | D:3      | Noticed Sigmund
  2498 | D:3      | Killed Sigmund
  2499 | D:3      | Gained mutation: You regenerate a little health from kills.
                  | [demonic ancestry]
  2499 | D:3      | Reached XP level 5. HP: 28/42 MP: 5/5
  2499 | D:3      | Gained mutation: You have a pair of small antennae on your
                  | head. [demonic ancestry]
  2499 | D:3      | Reached XP level 6. HP: 33/48 MP: 6/6
  3147 | D:3      | Reached skill level 4 in Unarmed Combat
  3844 | D:4      | Noticed Robin
  3852 | D:4      | Gained mutation: You are surrounded by a mild repulsion
                  | field. (EV +2) [demonic ancestry]
  3852 | D:4      | Reached XP level 7. HP: 55/55 MP: 7/7
  3877 | D:4      | Killed Robin
  4147 | D:4      | Noticed Duvessa
  4148 | D:4      | Noticed Dowan
  4161 | D:4      | Killed Duvessa
  4187 | D:4      | Killed Dowan
  4188 | D:4      | Reached skill level 5 in Unarmed Combat
  4387 | D:4      | You fall into a shaft and drop 1 floor!
  4387 | D:5      | Entered Level 5 of the Dungeon
  4850 | D:5      | Reached skill level 5 in Fighting
  4854 | D:5      | Gained mutation: You are surrounded by a moderate repulsion
                  | field. (EV +3) [demonic ancestry]
  4854 | D:5      | Reached XP level 8. HP: 24/62 MP: 8/8
  5675 | D:5      | Found a basalt altar of Yredelemnul.
  5769 | D:5      | Reached skill level 6 in Unarmed Combat
  5772 | D:5      | Reached skill level 5 in Armour
  6099 | D:5      | Reached skill level 5 in Shields
  6474 | D:5      | Noticed Ijyb
  6485 | D:5      | Killed Ijyb
  6895 | D:6      | Reached skill level 1 in Dodging
  7118 | D:6      | Found a staircase to the Ecumenical Temple.
  7335 | D:6      | Reached XP level 9. HP: 69/69 MP: 9/9
  7344 | D:6      | Reached skill level 7 in Unarmed Combat
  7937 | D:6      | Found a runed translucent door.
  7938 | D:6      | Noticed Crazy Yiuf
  7959 | D:6      | Noticed Eustachio
  7990 | D:6      | Killed Eustachio
  8470 | D:6      | Killed Crazy Yiuf
  8744 | D:7      | Identified the +1 leather armour of the Vestibule of Hell
                  | {Rampage}
  8755 | D:7      | Identified the +0 pair of boots "Tary" {rN+ Int+7}
  8789 | D:7      | Found Omekhuov's Distillery.
  8828 | D:7      | Identified the +8 long sword of Gozag, Flying {flame, Drain
                  | MP+9 Dex+4}
  8969 | D:6      | Upgraded the game from 0.29-a0-321-gf1c400731a to
                  | 0.29-a0-323-g050149af67
  9091 | D:7      | Found a shadowy altar of Dithmenos.
  9330 | D:7      | Noticed a komodo dragon
  9349 | D:7      | Killed a komodo dragon
  9350 | D:7      | Reached skill level 8 in Unarmed Combat
  9630 | D:7      | Found Boik's Jewellery Boutique.
 10049 | D:8      | Found a staircase to the Lair.
 10074 | D:8      | Reached XP level 10. HP: 74/76 MP: 10/10
 10094 | D:8      | Identified the amulet "Isaed" {rElec rF++ Regen+}
 10298 | Temple   | Entered the Ecumenical Temple
 10342 | Temple   | Became a worshipper of Cheibriados the Contemplative
 11641 | D:9      | Reached skill level 1 in Invocations
 11669 | D:9      | Reached * piety under Cheibriados
 11683 | D:9      | Found a staircase to the Orcish Mines.
 11750 | D:9      | Paralysed by a hornet for 1 turns
 11946 | D:9      | Reached skill level 9 in Unarmed Combat
 12328 | D:10     | Entered Level 10 of the Dungeon
 12596 | D:10     | Reached ** piety under Cheibriados
 12953 | D:10     | Gained mutation: You regenerate health from kills. [demonic
                  | ancestry]
 12953 | D:10     | Reached XP level 11. HP: 85/85 MP: 14/14
 13207 | D:11     | Noticed a two-headed ogre
 13218 | D:11     | Killed a two-headed ogre
 13402 | D:11     | Noticed Urug
 13436 | D:11     | Killed Urug
 13582 | D:11     | Found a bloodstained altar of Trog.
 13633 | D:11     | Noticed a boulder beetle
 13656 | D:10     | Killed a boulder beetle
 13657 | D:10     | Reached skill level 5 in Dodging
 13657 | D:10     | Reached skill level 5 in Invocations
 13700 | D:11     | Noticed Psyche
 13710 | D:11     | Killed Psyche
 13711 | D:11     | Reached skill level 10 in Unarmed Combat
 13748 | D:11     | Noticed Amaemon
 13768 | D:11     | Killed Amaemon
 13938 | D:11     | Reached *** piety under Cheibriados
 13990 | D:12     | Noticed a two-headed ogre
 14031 | D:12     | Killed a two-headed ogre
 14208 | D:12     | Noticed Rupert
 14438 | Lair:1   | Entered Level 1 of the Lair of Beasts
 14685 | Lair:1   | Found a dark tunnel.
 14786 | Volcano  | Entered a volcano
 14889 | Volcano  | Noticed a skeletal warrior
 15124 | Volcano  | Reached XP level 12. HP: 81/94 MP: 16/16
 15163 | Volcano  | Reached **** piety under Cheibriados
 15251 | Volcano  | Identified the +4 pair of gloves "Noos" {+Blink Str+4
                  | Int+3}
 15801 | Lair:2   | Reached skill level 11 in Unarmed Combat
 16046 | Lair:2   | Reached ***** piety under Cheibriados
 16153 | Lair:2   | Found a staircase to the Swamp.
 16797 | Lair:3   | Found a hole to the Spider Nest.
 16958 | Lair:3   | Noticed a seven-headed hydra
 16959 | Lair:3   | Reached XP level 13. HP: 81/101 MP: 19/19
 17056 | Lair:3   | Reached skill level 12 in Unarmed Combat
 17781 | Lair:4   | You fall into a shaft and drop 2 floors!
 17781 | Lair:6   | Entered Level 6 of the Lair of Beasts
 18141 | Lair:6   | Reached skill level 10 in Fighting
 18161 | Lair:6   | Reached ****** piety under Cheibriados
 18437 | Lair:6   | Identified the +0 scale mail of the Storm King {+Blink
                  | rN++}
 19046 | Lair:5   | Reached XP level 14. HP: 111/111 MP: 21/21
 19081 | Lair:5   | Reached skill level 10 in Invocations
 19138 | Lair:5   | Reached skill level 13 in Unarmed Combat
 19189 | Lair:5   | Learned a level 2 spell: Passwall
 19195 | Lair:5   | Learned a level 5 spell: Irradiate
 19590 | Lair:5   | Found a staircase to the Slime Pits.
 19593 | Lair:5   | Found a viscous altar of Jiyva.
 20257 | Lair:4   | Reached skill level 1 in Spellcasting
 20261 | Lair:4   | Reached skill level 1 in Transmutations
 20261 | Lair:4   | Reached skill level 1 in Earth Magic
 20261 | Lair:4   | Reached skill level 1 in Evocations
 20468 | Lair:4   | Identified a scroll of acquirement
 20468 | Lair:4   | Acquired a manual of Evocations
 20638 | Orc:1    | Entered Level 1 of the Orcish Mines
 20638 | Orc:1    | Noticed an orc warlord
 20654 | D:9      | Reached skill level 1 in Conjurations
 20676 | D:9      | Killed an orc warlord
 20915 | Orc:2    | Entered Level 2 of the Orcish Mines
 21020 | Orc:2    | Reached skill level 10 in Armour
 21050 | Orc:2    | Found Xethrusosch's Antique Armour Emporium.
 21050 | Orc:2    | Found Zimogoby's Jewellery Shop.
 21052 | Orc:2    | Found Okiofoxzua's Weapon Boutique.
 21054 | Orc:2    | Found Kel Raes's Antique Weapon Shoppe.
 21061 | Orc:2    | Bought the ring "Memineog" {rPois Will+ Str+3} for 510 gold
                  | pieces
 21128 | Orc:2    | Noticed Josephine
 21145 | Orc:2    | Killed Josephine
 21238 | Orc:2    | Noticed Jorgrun
 21249 | Orc:2    | Killed Jorgrun
 21381 | Orc:2    | Noticed Saint Roka
 21398 | Orc:2    | Killed Saint Roka
 21402 | Orc:2    | Noticed Azrael
 21410 | Orc:2    | Killed Azrael
 21411 | Orc:2    | Reached skill level 5 in Evocations
 21682 | Orc:2    | Found a staircase to the Elven Halls.
 22475 | D:12     | Killed Rupert
 22597 | D:12     | Reached skill level 10 in Shields
 22644 | D:12     | Noticed Fannar
 22710 | D:12     | Noticed Lodul
 22718 | D:12     | Killed Lodul
 22759 | D:12     | Gained mutation: A meltable icy envelope protects you from
                  | harm. (AC +4) [demonic ancestry]
 22759 | D:12     | Reached XP level 15. HP: 117/117 MP: 22/22
 22826 | D:12     | Killed Fannar
 23409 | D:13     | Found a gate to the Vaults.
 23547 | D:13     | Found Nisteutt's Armour Emporium.
 23555 | D:13     | Bought a +2 plate armour of cold resistance for 560 gold
                  | pieces
 23727 | D:14     | Reached skill level 14 in Unarmed Combat
 24097 | D:14     | Found Zin's Purification Station.
 24155 | D:15     | Entered Level 15 of the Dungeon
 24388 | D:15     | Found a staircase to the Depths.
 24483 | D:15     | Paralysed by an air elemental for 1 turns
 25217 | Spider:1 | Entered Level 1 of the Spider Nest
 25354 | Spider:1 | Noticed Mlioglotl
 25374 | Spider:1 | Killed Mlioglotl
 25473 | Spider:1 | Reached XP level 16. HP: 125/125 MP: 23/23
 25564 | Spider:1 | Found a transporter.
 25572 | Spider:1 | Noticed Ofeolo's ghost (adept VSAM)
 25573 | Spider:1 | Noticed Leszczynek's ghost (adept HuGl)
 25596 | Spider:1 | Found a transporter.
 25632 | Spider:1 | Slain by a wolf spider

Illustrated notes

Levels and vault maps discovered:
D:1:      lightli_iron_boxes, layout_basic, item_on_display_a
D:2:      layout_loops_ring, nicolae_ecumenical_lake_church,
          minmay_crystal_water, minivault_25
D:3:      layout_rooms, uniq_sigmund
D:4:      layout_loops_ring, uniq_duvessa, uniq_robin
D:5:      layout_loops_ring, mainiacjoe_overflow_alcove_4, serial_aquarium,
          aquarium_bridge_straight [aquarium_subvault_bridge,
          aquarium_subvault_wall, aquarium_subvault_bridge,
          aquarium_subvault_wall], aquarium_bridge_straight
          [aquarium_subvault_bridge, aquarium_subvault_wall,
          aquarium_subvault_bridge, aquarium_subvault_wall],
          aquarium_window_fake, aquarium_window_1, aquarium_window_fake,
          aquarium_window_1, aquarium_view_2d, aquarium_view_2c, uniq_ijyb
D:6:      layout_basic, temple_hall, uniq_crazy_yiuf_cottage, uniq_eustachio
D:7:      minmay_general_purpose_star, layout_rooms,
          mainiacjoe_overflow_two_lobes, serial_shops, nicolae_square_shop,
          hex_intersection, minivault_27, nicolae_take_the_stairs
D:8:      layout_loops_corners, dpeg_oklobed_lair
D:9:      layout_basic, david_orc_2
D:10:     layout_loops_cross
D:11:     layout_rooms, trog_hazing_becter, uniq_amaemon, uniq_psyche, uniq_urug
D:12:     wander_river, layout_cave_pools, uniq_rupert, uniq_fannar, uniq_lodul
D:13:     layout_big_octagon, lightli_vaults_fourway_checkpoint, serial_shops,
          shop
D:14:     layout_rooms, zin_purify
D:15:     hangedman_depths_entry_civil_slaughter, layout_rooms,
          wad_woods_river_04, hangedman_decor_riveting,
          dreamdust_looks_like_rain
Temple:   mainiacjoe_temple_bowtie_tessellation
Lair:1:   layout_hall_layers, enter_volcano_1, infiniplex_staircase_pool_2
Lair:2:   layout_gridlike, minmay_swamp_entry_worms, minivault_25,
          lemuel_fruit_tree
Lair:3:   layout_cave_shapes, nicolae_spider_entry_tight_spaces, st_stairs_8,
          minivault_25, patterned_corridor
Lair:4:   layout_gridlike, minmay_shattered_shrine
Lair:5:   layout_roguey, slime_altar_1, bobbens_ice_dragon_lair,
          serial_bayou_shore_b
Lair:6:   minmay_lair_end_enchanted_forest, layout_regular_city,
          nicolae_lair_lindhole
Spider:1: layout_chambers, nzn_ghost_randoct, uniq_mlioglotl
Orc:1:    layout_caves
Orc:2:    st_orc_rangers, layout_diamond_mine, minmay_orc_temple_a,
          uniq_jorgrun, uniq_azrael, uniq_josephine, uniq_saint_roka

Skill      XL: |  1  2  3  4  5  6  7  8  9 10 11 12 13 14 15 |
---------------+----------------------------------------------+-----
Unarmed Combat | 2 3 4 5 6 8 9 10 11 12 13 14 | 14.3
Armour         | 3 4 5 6 7 8 9 10 | 10.7
Shields        | 3 4 5 6 7 8 9 10 | 10.5
Fighting       | 4 5 6 7 8 9 10 11 | 11.4
Dodging        | 1 3 4 5 6 7 8 9 |  9.1
Invocations    | 4 6 8 9 10 | 10.0
Spellcasting   | 2 4 |  4.2
Transmutations | 2 4 |  4.5
Earth Magic    | 2 4 |  4.1
Evocations     | 6 9 |  9.4
Conjurations   | 3 4 |  4.8

Action                   |  1- 3 |  4- 6 |  7- 9 | 10-12 | 13-15 | 16-18 || total
-------------------------+-------+-------+-------+-------+-------+-------++-------
Melee: Unarmed           |    22 |       |   330 |  1077 |  1537 |   100 ||  3066
       Short sword       |    85 |   148 |   227 |       |       |       ||   460
Throw: Throwing net      |       |       |       |     4 |       |       ||     4
Invok: Slouch            |       |       |       |       |     7 |       ||     7
       Step From Time    |       |       |       |       |     1 |       ||     1
Evoke: Wand              |       |       |     5 |    32 |     1 |       ||    38
  Use: Scroll            |     4 |       |    10 |    11 |     6 |       ||    31
       Potion            |       |     2 |       |       |     4 |     1 ||     7
 Stab: Paralysed         |       |       |     7 |    31 |       |       ||    38
       Held in net/web   |       |       |       |     4 |       |       ||     4
       Invisible         |       |       |       |       |     4 |       ||     4
Armor: Scale mail        |    32 |    55 |    62 |       |       |       ||   149
       Skin              |       |       |     8 |       |       |       ||     8
       Chain mail        |       |       |   110 |   161 |   128 |       ||   399
       Plate armour      |       |       |       |   210 |   160 |    35 ||   405
       Crystal plate arm |       |       |       |       |   369 |       ||   369
Dodge: Dodged            |    29 |    47 |   198 |   481 |  1227 |    65 ||  2047
Block: Buckler           |    33 |    66 |   215 |    94 |       |       ||   408
       Kite shield       |       |       |       |   750 |  1780 |   104 ||  2634

Table legend: (Time is in decaauts)
 A = Elapsed time spent in this place.
 B = Non-inter-level travel time spent in this place.
 C = Inter-level travel time spent in this place.
 D = Time resting spent in this place.
 E = Time spent auto-exploring this place.
 F = Levels seen in this place.
 G = Mean time per level.
                   A        B        C        D        E       F      G
               +--------+--------+--------+--------+--------+-----+--------+
         Total |  33954 |  31348 |   2606 |   5301 |  18517 |  26 | 1305.9 |
       Dungeon |  20151 |  18569 |   1582 |   4972 |   9320 |  15 | 1343.4 |
        Temple |     76 |     44 |     32 |      0 |     17 |   1 |   76.0 |
          Lair |   9639 |   8936 |    703 |     82 |   7126 |   6 | 1606.5 |
   Spider Nest |    546 |    546 |      0 |     50 |    178 |   1 |  546.0 |
  Orcish Mines |   2776 |   2489 |    287 |     50 |   1832 |   2 | 1388.0 |
       Volcano |    764 |    764 |      0 |    147 |     44 |   1 |  764.0 |
               +--------+--------+--------+--------+--------+-----+--------+

Top non-repeatable levels by time:
     D:5: 2184 daAuts
  Lair:3: 2081 daAuts
     D:6: 2021 daAuts
  Lair:6: 1976 daAuts
   Orc:2: 1960 daAuts
  Lair:5: 1623 daAuts
     D:9: 1569 daAuts
    D:12: 1488 daAuts
     D:8: 1456 daAuts
    D:15: 1397 daAuts
    D:10: 1386 daAuts
  Lair:4: 1382 daAuts
  Lair:2: 1327 daAuts
  Lair:1: 1248 daAuts
     D:7: 1241 daAuts
